 Dungeon Crawl Stone Soup version 0.31-a0-692-gf03d1854d5 (webtiles) character file.

Game seed: 6344293524351609530

704 qw the Skirmisher (level 7, -4/44 HPs)
             Began as a Gargoyle Hunter on Sept 6, 2023.
             Slain by Menkaure (12 damage)
             ... on level 5 of the Dungeon.
             The game lasted 00:01:48 (3837 turns).

qw the Skirmisher (Gargoyle Hunter)                 Turns: 3837, Time: 00:01:49

Health: -4/44      AC: 12    Str: 14    XL:     7   Next: 66%
Magic:  7/7        EV: 10    Int: 13    God:
Gold:   105        SH:  0    Dex: 15    Spells: 6/6 levels left

rFire   + . .        o - +0 orcbow
rCold   . . .        (shield currently unavailable)
rNeg    + + .        f - +0 ring mail
rPois   inf          (no helmet)
rElec   +            (no cloak)
rCorr   .            (no gloves)
SInv    +            l - +1 pair of boots {Stlth+}
Will    .....        d - amulet of faith
Stlth   ++           b - ring of protection from fire
HPRegen 0.27/turn    k - ring "Ocicsiry" {rN+ Int+3 Slay-3 SInv}
MPRegen 0.10/turn

%: faith
@: about to teleport
A: sickness immunity, AC +4, negative energy resistance 1, electricity
resistance, torment resistance 1, petrification resistance
a: no special abilities


You were on level 5 of the Dungeon.
You visited 1 branch of the dungeon, and saw 5 of its levels.
You also visited: Ossuary.

You collected 150 gold pieces.
You spent 45 gold pieces at shops.


Innate Abilities, Weirdness & Mutations

You are immune to sickness and miasma.
Your stone body is resilient. (AC +4)
You are immune to poison.
You resist negative energy. (rN+)
You are resistant to electric shocks. (rElec)
You are resistant to unholy torment.
You are immune to petrification.


   Skills:
 + Level 4.8 Fighting
 - Level 8.1 Ranged Weapons
 - Level 1.0 Armour
 - Level 1.5 Dodging
 - Level 1.1 Stealth


You had 6 spell levels left.
You didn't know any spells.
Your spell library was empty.

Inventory:

Hand Weapons
 o - a +0 orcbow (weapon)
Armour
 f - a +0 ring mail (worn)
 l - a +1 pair of boots of stealth (worn)
Jewellery
 b - a ring of protection from fire (left hand)
 d - an amulet of faith (around neck)
 k - the ring "Ocicsiry" (right hand) {rN+ Int+3 Slay-3 SInv}
   (You acquired it in an ossuary)

   [ring of see invisible]

   Int+3:     It affects your intelligence (+3).
   Slay-3:    It affects your accuracy & damage with ranged weapons and melee
   (-3).
   rN+:       It protects you from negative energy.
   SInv:      It lets you see invisible.
 p - an amulet of the acrobat
Scrolls
 a - a scroll of identify
 h - 2 scrolls of teleportation
Potions
 c - a potion of enlightenment
 e - a potion of resistance
 g - a potion of might
 i - a potion of mutation {unknown}
 j - a potion of curing {unknown}
 m - a potion of heal wounds {unknown}
 s - a potion of brilliance {unknown}

Dungeon Overview and Level Annotations

Branches:
Dungeon (5/15)            Ossuary (visited)
 Temple: D:4-7

Altars:
Dithmenos
Elyvilon
Fedhas
Gozag
Kikubaaqudgha
Nemelex Xobeh
Ru
Uskayaw
Vehumet

Shops:
D:4 (

Annotations:
D:5 Menkaure


Message History

You shoot an arrow. The arrow hits the water moccasin!
The water moccasin is moderately wounded.
The water moccasin closely misses you. x2
You shoot an arrow.
The arrow closely misses the water moccasin.
The water moccasin barely misses you. Menkaure barely misses you.
The water moccasin bites you but does no damage.
Menkaure misses you.
You shoot an arrow. The arrow hits the water moccasin.
The water moccasin is heavily wounded.
The water moccasin bites you but does no damage.
Menkaure hits you but does no damage.
You shoot an arrow.
The arrow barely misses the water moccasin.
The water moccasin barely misses you.
Menkaure calls on the powers of darkness!
Your body is wracked with pain!
The water moccasin convulses!
The water moccasin bites you but does no damage.
You shoot an arrow. The arrow misses the water moccasin.
Menkaure points at you and mumbles some strange words.
You struggle to resist.
The water moccasin bites you. The water moccasin bites you! Menkaure hits you.
You shoot an arrow.
The arrow closely misses the water moccasin.
The water moccasin bites you. Menkaure hits you but does no damage.
The water moccasin bites you but does no damage.
3835 ||| READING 3 scrolls of teleportation.
As you read the scroll of teleportation, it crumbles to dust.
You feel strangely unstable. Menkaure barely misses you.
The water moccasin closely misses you. Menkaure misses you.
You shoot an arrow.
The arrow closely misses the water moccasin.
The water moccasin barely misses you. Menkaure barely misses you.
The water moccasin bites you.
You shoot an arrow. The arrow hits the water moccasin!
You kill the water moccasin!
Menkaure giggles, "These cerements are ticklish..."
Menkaure hits you!
You die...

.$... .#. ... ....
....# ..##...#
......#...#...#
........#......#
............ ...####
...........##.......
...........M@..#
...............##.
...................
................##..
...............##
...............#
...............#
...............#
.................


You could see Menkaure (fast).

Vanquished Creatures
  Sigmund (D:2)
  A water moccasin (D:5)
  A black bear (D:5)
  A scorpion (D:5)
  A howler monkey (D:3)
  2 jellies (D:5)
  An iguana (D:4)
  An orc wizard (D:2)
  12 mummies (Ossuary)
  An adder (D:4)
  2 ufetubi
  5 orcs
  9 bats
  8 endoplasms
  4 giant cockroaches
  6 goblins (D:1)
  3 hobgoblins (D:1)
  7 kobolds
  2 quokkas
  4 ball pythons
  6 frilled lizards
  4 gnoll skeletons (Ossuary)
  3 kobold skeletons (Ossuary)
  An orc skeleton (Ossuary)
  6 rats
  11 rat skeletons (Ossuary)
103 creatures vanquished.

Notes
Turn   | Place    | Note
-------+----------+-------------------------------------------
     0 | D:1      | qw the Gargoyle Hunter began the quest for the Orb.
     0 | D:1      | Reached XP level 1. HP: 12/12 MP: 1/1
     0 | D:1      | 0 ||| qw: Version: 0.3-a-76-g4403597
     0 | D:1      | 0 ||| qw: Game counter: 289
     0 | D:1      | 0 ||| qw: Melee chars always use a shield: true
     0 | D:1      | 0 ||| qw: God list: Okawaru
     0 | D:1      | 0 ||| qw: Allow faded altars: false
     0 | D:1      | 0 ||| qw: Do Orc after clearing Dungeon:15 true
     0 | D:1      | 0 ||| qw: Do second Lair branch before Depths: true
     0 | D:1      | 0 ||| qw: Lair rune preference: random
     0 | D:1      | 0 ||| qw: Goals: Normal
     0 | D:1      | 0 ||| PLANNING D:1-11
   169 | D:1      | Reached XP level 2. HP: 17/17 MP: 2/2
   360 | D:1      | Reached XP level 3. HP: 12/21 MP: 3/3
   484 | D:1      | Reached skill level 5 in Ranged Weapons
   670 | D:1      | 670 ||| READING scroll labelled XYATEOQETA.
   671 | D:1      | 671 ||| READING scroll labelled ICLALI SAEDYD.
   772 | D:1      | 772 ||| READING scroll labelled ALOWAD TEON.
   776 | D:1      | 776 ||| DRINKING 4 silvery potions.
   827 | D:1      | 827 ||| DROPPING scroll of butterflies.
   828 | D:1      | 828 ||| DROPPING 3 potions of lignification.
   843 | D:2      | 843 ||| STAIRDANCE
   865 | D:2      | Reached skill level 3 in Fighting
   868 | D:2      | Reached XP level 4. HP: 17/28 MP: 4/4
   868 | D:2      | 868 ||| STAIRDANCE
  1068 | D:2      | Noticed Sigmund
  1084 | D:2      | Killed Sigmund
  1085 | D:2      | Reached skill level 6 in Ranged Weapons
  1085 | D:2      | Reached XP level 5. HP: 23/32 MP: 5/5
  1649 | D:2      | 1649 ||| UPGRADING to ring of protection from fire.
  1650 | D:2      | 1650 ||| READING scroll labelled TEUMU NAESUOX.
  1699 | D:3      | Reached XP level 6. HP: 37/37 MP: 6/6
  1704 | D:3      | Found an ancient bone altar of Kikubaaqudgha.
  2046 | D:3      | 2046 ||| UPGRADING to amulet of faith.
  2051 | D:3      | 2051 ||| DROPPING ring of magical power.
  2052 | D:3      | 2052 ||| READING 2 scrolls of identify.
  2052 | D:3      | 2052 ||| IDENTIFYING fuming amethyst potion
  2088 | D:4      | 2088 ||| PLANNING OSSUARY
  2132 | D:4      | Found a sparkling altar of Nemelex Xobeh.
  2266 | D:4      | Found a sand-covered staircase.
  2267 | D:4      | 2267 ||| UPGRADING to +0 ring mail.
  2277 | D:4      | 2277 ||| DROPPING +0 leather armour.
  2278 | D:4      | 2278 ||| READING scroll labelled KESOED QEULU.
  2296 | D:4      | Reached skill level 1 in Armour
  2346 | Ossuary  | Entered an ossuary
  2574 | Ossuary  | Reached skill level 7 in Ranged Weapons
  2990 | Ossuary  | Reached XP level 7. HP: 43/43 MP: 7/7
  3138 | Ossuary  | 3138 ||| READING scroll labelled TEUHORICSA.
  3139 | Ossuary  | 3139 ||| READING scroll labelled DODUIS HEUMI.
  3140 | Ossuary  | 3140 ||| READING scroll labelled UKHLOG CIOTOPLA.
  3141 | Ossuary  | 3141 ||| READING scroll labelled JID KEOCKEILY.
  3142 | Ossuary  | 3142 ||| READING scroll labelled PYNAUC ACOAXURINY.
  3143 | Ossuary  | 3143 ||| READING 2 scrolls labelled MITRAC YNEI.
  3143 | Ossuary  | Identified 2 scrolls of acquirement
  3143 | Ossuary  | 3143 ||| ACQUIRING ring "Ocicsiry" {rN+ Int+3 Slay-3 SInv}
  3143 | Ossuary  | Acquired the ring "Ocicsiry" {rN+ Int+3 Slay-3 SInv}
  3145 | Ossuary  | 3145 ||| UPGRADING to ring "Ocicsiry" {rN+ Int+3 Slay-3
                  | SInv}.
  3146 | Ossuary  | 3146 ||| READING scroll of acquirement.
  3146 | Ossuary  | 3146 ||| ACQUIRING +0 pair of boots of stealth
  3146 | Ossuary  | Acquired a +0 pair of boots of stealth
  3148 | Ossuary  | 3148 ||| UPGRADING to +0 pair of boots of stealth.
  3153 | Ossuary  | 3153 ||| READING scroll labelled URGHYG PEREGA.
  3191 | D:4      | 3191 ||| PLANNING D:1-11
  3265 | D:4      | Found Zish's Weapon Emporium.
  3273 | D:4      | 3273 ||| BUYING +0 orcbow (45 gold).
  3273 | D:4      | Bought a +0 orcbow for 45 gold pieces
  3273 | D:4      | 3273 ||| SWAPPING to +0 orcbow.
  3274 | D:4      | 3274 ||| DROPPING +0 shortbow.
  3426 | D:4      | Found a sacrificial altar of Ru.
  3426 | D:4      | Found a hide-covered altar of Uskayaw.
  3433 | D:4      | Found a radiant altar of Vehumet.
  3435 | D:4      | Found a faded altar of an unknown god.
  3437 | D:4      | Found a faded altar of an unknown god.
  3497 | D:4      | Found a white marble altar of Elyvilon.
  3503 | D:4      | Found a shadowy altar of Dithmenos.
  3503 | D:4      | Found a blossoming altar of Fedhas.
  3503 | D:4      | Found an opulent altar of Gozag.
  3509 | D:4      | 3509 ||| DROPPING amulet of magic regeneration.
  3510 | D:4      | 3510 ||| READING 3 scrolls of identify.
  3510 | D:4      | 3510 ||| IDENTIFYING dark potion
  3511 | D:4      | 3511 ||| READING 2 scrolls of identify.
  3511 | D:4      | 3511 ||| IDENTIFYING sapphire potion
  3539 | D:5      | Entered Level 5 of the Dungeon
  3566 | D:5      | 3566 ||| FLEEEEING.
  3567 | D:5      | 3567 ||| FLEEEEING.
  3577 | D:5      | 3577 ||| STAIRDANCE
  3621 | D:5      | Reached skill level 8 in Ranged Weapons
  3783 | D:5      | 3783 ||| READING scroll of enchant armour.
  3783 | D:5      | 3783 ||| ENCHANTING +0 pair of boots of stealth.
  3823 | D:5      | Noticed Menkaure
  3834 | D:5      | HP: 11/44 [water moccasin (1)]
  3835 | D:5      | 3835 ||| READING 3 scrolls of teleportation.
  3837 | D:5      | Slain by Menkaure

Levels and vault maps discovered:
D:1:      spicycebolla_arrival_clurvy, layout_basic
D:2:      layout_basic, uniq_sigmund
D:3:      layout_rooms, mainiacjoe_overflow_tiny_flanked
D:4:      layout_cave_pools, minitemple, chequers_temple_overflow_minitemple,
          serial_shops, nicolae_shop_bloodbath_and_beyond, enter_ossuary_3
D:5:      layout_layer_cave, uniq_crazy_yiuf_cottage, uniq_menkaure

Skill      XL: |  1  2  3  4  5  6  7 |
---------------+----------------------+-----
Ranged Weapons | 5 6 7 8 |  8.1
Fighting       | 3 4 |  4.8
Armour         | 1 |  1.0
Dodging        | |  1.5
Stealth        | |  1.1

Action                     |  1- 3 |  4- 6 |  7- 9 || total
---------------------------+-------+-------+-------++-------
   Fire: Shortbow          |    92 |   228 |    44 ||   364
         Orcbow            |       |       |    63 ||    63
    Use: Scroll            |     3 |     3 |    12 ||    18
         Potion            |     1 |       |       ||     1
 Armour: Leather armour    |    24 |     7 |       ||    31
         Ring mail         |       |    34 |    68 ||   102
  Dodge: Dodged            |    33 |    37 |    48 ||   118

Table legend:
 A = Non-vault XP
 B = Vault XP
 C = Vault XP percentage of total XP
 D = Non-vault monster count
 E = Vault monster count
 F = Vault count percentage of total count
                 A         B        C        D         E       F
            +---------+---------+-------+---------+---------+-------
      Total |     692 |     445 |  39.1 |      71 |      32 |  31.1
            +---------+---------+-------+---------+---------+-------
        D:1 |      46 |       0 |   0.0 |      27 |       0 |   0.0
        D:2 |      53 |     214 |  80.1 |      13 |       1 |   7.1
        D:3 |      76 |       0 |   0.0 |      14 |       0 |   0.0
        D:4 |      73 |       0 |   0.0 |      11 |       0 |   0.0
        D:5 |     444 |       0 |   0.0 |       6 |       0 |   0.0
    Ossuary |       0 |     231 | 100.0 |       0 |      31 | 100.0
            +---------+---------+-------+---------+---------+-------
